 Dungeon Crawl Stone Soup version 0.31-a0-986-g5e6e4ef867 (webtiles) character file.

Game seed: 4885474793637224181

1409 sammy202020 the Trooper (level 8, -6/79 HPs)
             Began as a Gargoyle Berserker on Nov 12, 2023.
             Was a Priest of Trog.
             Killed from afar by Maggie (32 damage)
             ... with a bolt of fire
             ... on level 6 of the Dungeon.
             The game lasted 00:05:50 (3463 turns).

sammy202020 the Trooper (Gargoyle Berserker)        Turns: 3463, Time: 00:05:51

Health: -6/79      AC: 22    Str: 22    XL:     8   Next: 70%
Magic:  8/8        EV:  9    Int:  9    God:    Trog [***...]
Gold:   193        SH:  5    Dex:  9    Spells: 7/7 levels left

rFire   . . .        l - +0 dire flail
rCold   . . .        (shield currently unavailable)
rNeg    + . .        t - +0 chain mail
rPois   ∞            g - +1 helmet
rElec   +            (no cloak)
rCorr   .            (no gloves)
SInv    .            (no boots)
Will    ++...        n - amulet of reflection Stlth
                     i - +4 ring of protection
HPRegen 1.33/turn    (no ring)
MPRegen 0.11/turn

%: reflection
@: berserking, strong-willed, regenerating, very quick
A: sickness immunity, AC +5, negative energy resistance 1, electricity
resistance, torment resistance 1, petrification resistance
a: Renounce Religion, Berserk, Trog's Hand


You were on level 6 of the Dungeon.
You worshipped Trog.
Trog was most pleased with you.
You visited 1 branch of the dungeon, and saw 6 of its levels.

You collected 193 gold pieces.

Inventory:

Hand Weapons
 a - a +0 mace
 h - a +5 heavy mace
 l - a +0 dire flail (weapon)
Armour
 g - a +1 helmet (worn)
 t - a +0 chain mail (worn)
Jewellery
 i - a +4 ring of protection (left hand)
 n - an amulet of reflection (around neck)
 p - a ring of ice
 u - a ring of fire
Wands
 k - a wand of paralysis (1)
 x - a wand of quicksilver (13)
Scrolls
 c - 2 scrolls of vulnerability
 f - a scroll of enchant weapon
 o - 2 scrolls of identify
 q - a scroll of revelation
Potions
 b - 4 potions of curing
 d - 2 potions of haste {unknown}
 e - 2 potions of magic {unknown}
 j - 3 potions of invisibility
 m - a potion of might {unknown}
 r - a potion of lignification {unknown}
 s - a potion of mutation {unknown}
 v - a potion of resistance {unknown}
 w - a potion of brilliance {unknown}


   Skills:
 * Level 7.0 Fighting
 * Level 6.2 Maces & Flails
 * Level 6.3 Armour
 + Level 3.5 Dodging


You had 7 spell levels left.
You didn't know any spells.
Your spell library was empty.

Dungeon Overview and Level Annotations

Branches:
Dungeon (6/15)             Temple (0/1) D:5

Altars:
Trog
Xom
The Shining One

Annotations:
D:6 Maggie


Innate Abilities, Weirdness & Mutations

You are immune to sickness and miasma.
Your stone body is resilient. (AC +5)
You are immune to poison.
You resist negative energy. (rN+)
You are resistant to electric shocks. (rElec)
You are resistant to unholy torment.
You are immune to petrification.


Message History

You closely miss Maggie.
Maggie is lightly wounded.
A howler monkey comes into view.
A hound comes into view.
Maggie hits you with a +1 heavy glaive!
A kobold comes into view. It is wielding a +0 club.
You hit Maggie but do no damage.
Maggie is lightly wounded.
The howler monkey hoots and howls with incredible vigour!
The kobold closely misses you. The kobold brigand barely misses you.
You block Maggie's attack.
You hear a shout! x2; You hear an angry hiss.
You puncture Maggie!
Maggie is moderately wounded.
You block the kobold's attack.
You sock Maggie!
Maggie is heavily wounded.
Maggie barely misses you.
The howler monkey hits you but does no damage.
The kobold hits you but does no damage. The kobold brigand barely misses you.
You sock Maggie!
Maggie is severely wounded.
The howler monkey hits you but does no damage.
The kobold hits you but does no damage.
The kobold brigand hits you with a +0 dagger.
The kobold hits you but does no damage. You block the kobold's attack.
Maggie hits you with a +1 heavy glaive!
* * * LOW HITPOINT WARNING * * *
Your skin crawls.
You feel strong-willed. The hound bites you but does no damage.
The howler monkey hoots and howls with incredible vigour!
The kobold brigand hits you but does no damage.
The kobold hits you but does no damage. x2
The hound bites you but does no damage.
A red film seems to cover your vision as you go berserk!
You feel yourself moving faster!
You feel mighty! The howler monkey closely misses you.
The hound bites you but does no damage.
Maggie points at you and mumbles some strange words.
The bolt of fire hits you!!
You die...

... ##.# ..#
...## ##.. ....
#...##...
#...... ...K.##
#K.K?###..
#K@K......
......hh@##...#
........## .
.........
.........
..........
........##
##...>...


You could see Maggie, a kobold brigand, a howler monkey, a hound and 4 kobolds.

Vanquished Creatures
  The ghost of kd29 the Digger, a novice GrEE (D:4)
  An ice beast (D:4)
  4 ogres (D:5)
  2 phantoms (D:5)
  Blork the orc (D:5)
  A scorpion (D:5)
  2 jellies
  A hound (D:5)
  A water moccasin simulacrum (D:4)
  2 sleepcaps
  Jessica (D:2)
  An orc wizard (D:5)
  An iguana (D:4)
  Robin (D:2)
  10 adders
  2 hound simulacra (D:4)
  A howler monkey simulacrum (D:4)
  2 adder simulacra (D:4)
  4 dart slugs
  5 orcs
  4 bats (D:1)
  6 endoplasms
  A giant cockroach (D:4)
  17 goblins
  6 hobgoblins
  8 jackals
  10 kobolds
  4 quokkas
  8 ball pythons
  3 frilled lizards
  7 rats
  A butterfly (D:4)
119 creatures vanquished.

Notes
Turn   | Place    | Note
-------+----------+-------------------------------------------
     0 | D:1      | sammy202020 the Gargoyle Berserker began the quest for the
                  | Orb.
     0 | D:1      | Reached XP level 1. HP: 14/14 MP: 1/1
   138 | D:1      | Reached XP level 2. HP: 18/19 MP: 2/2
   284 | D:1      | Reached ** piety under Trog
   286 | D:1      | Reached XP level 3. HP: 23/24 MP: 3/3
   661 | D:2      | Noticed Jessica
   670 | D:2      | Killed Jessica
   671 | D:2      | Reached skill level 4 in Fighting
   671 | D:2      | Reached XP level 4. HP: 22/29 MP: 4/4
   765 | D:2      | Noticed Robin
   778 | D:2      | Killed Robin
  1040 | D:2      | Reached XP level 5. HP: 34/34 MP: 5/5
  1545 | D:3      | Reached *** piety under Trog
  1823 | D:4      | Found a glowing golden altar of the Shining One.
  1946 | D:4      | Found a shimmering altar of Xom.
  1965 | D:4      | Reached XP level 6. HP: 37/40 MP: 6/6
  2004 | D:4      | Noticed kd29's ghost (novice GrEE)
  2004 | D:4      | Noticed an ice beast
  2097 | D:4      | Reached skill level 5 in Fighting
  2237 | D:4      | Found a runed translucent gate.
  2237 | D:4      | Found a runed translucent gate.
  2237 | D:4      | Found a runed translucent gate.
  2246 | D:4      | Killed an ice beast
  2272 | D:4      | Killed kd29's ghost
  2273 | D:4      | Reached skill level 5 in Maces & Flails
  2273 | D:4      | Reached XP level 7. HP: 45/45 MP: 7/7
  2337 | D:4      | Found a bloodstained altar of Trog.
  2348 | D:4      | Reached skill level 5 in Armour
  2412 | D:5      | Entered Level 5 of the Dungeon
  2442 | D:5      | Found a staircase to the Ecumenical Temple.
  2453 | D:5      | Reached skill level 6 in Fighting
  2629 | D:5      | Noticed Blork the orc
  2643 | D:5      | Reached XP level 8. HP: 22/51 MP: 8/8
  2657 | D:5      | Killed Blork the orc
  2888 | D:5      | Reached skill level 7 in Fighting
  3454 | D:6      | Noticed Maggie
  3463 | D:6      | Killed from afar by Maggie

Illustrated notes

Levels and vault maps discovered:
D:1:      evilmike_arrival_rings, layout_rooms, minmay_pentomino_u2
D:2:      layout_loops_ring, uniq_jessica, uniq_robin
D:3:      layout_rooms
D:4:      layout_rooms, trog_three_pillars_becter, xom_butterflies,
          mainiacjoe_overflow_surrounded_room, gammafunk_ghost_icy
D:5:      layout_loops_ring, minmay_temple_entry_metal_lava,
          guppyfry_early_lair_pool, uniq_blork_the_orc
D:6:      layout_cave_pools, cheibrodos_sewer_entry_drain,
          minmay_fire_ice_demons, uniq_maggie

Skill      XL: |  1  2  3  4  5  6  7  8 |
---------------+-------------------------+-----
Fighting       | 4 5 6 7 |  7.0
Armour         | 3 4 5 6 |  6.3
Dodging        | 2 3 |  3.5
Maces & Flails | 4 5 6 |  6.2

Action                     |  1- 3 |  4- 6 |  7- 9 || total
---------------------------+-------+-------+-------++-------
  Melee: Mace              |    69 |   139 |    21 ||   229
         Punch             |     1 |       |       ||     1
         Dire flail        |       |       |    80 ||    80
 Invoke: Berserk           |       |     2 |     2 ||     4
         Trog's Hand       |       |     1 |     2 ||     3
    Use: Scroll            |     5 |     3 |     2 ||    10
         Potion            |       |       |     1 ||     1
 Armour: Ring mail         |    60 |   101 |       ||   161
         Chain mail        |       |    14 |    68 ||    82
  Dodge: Dodged            |    56 |    89 |    37 ||   182
  Block: Other             |       |    18 |    23 ||    41
         Reflection        |       |     1 |       ||     1

Table legend: (Time is in decaauts)
 A = Elapsed time spent in this place.
 B = Non-inter-level travel time spent in this place.
 C = Inter-level travel time spent in this place.
 D = Time resting spent in this place.
 E = Time spent auto-exploring this place.
 F = Levels seen in this place.
 G = Mean time per level.
                   A        B        C        D        E       F      G
               +--------+--------+--------+--------+--------+-----+--------+
         Total |   3592 |   3533 |     59 |    187 |   2364 |   6 |  598.7 |
       Dungeon |   3592 |   3533 |     59 |    187 |   2364 |   6 |  598.7 |
               +--------+--------+--------+--------+--------+-----+--------+

Top non-repeatable levels by time:
     D:5: 1057 daAuts
     D:2: 750 daAuts
     D:4: 676 daAuts
     D:1: 596 daAuts
     D:3: 502 daAuts
     D:6: 8 daAuts
